 Dungeon Crawl Stone Soup version 0.29.1-4-g47bece8355 (webtiles) character file.

Game seed: 4824749518459147914

2 Descartes the Magician (level 1, 0/12 HPs)
             Began as a Deep Elf Wanderer on Dec 3, 2022.
             Slain by a jackal (2 damage)
             ... on level 1 of the Dungeon.
             The game lasted 00:00:27 (17 turns).

Descartes the Magician (Deep Elf Wanderer)            Turns: 17, Time: 00:00:27

Health: 0/12       AC:  2    Str:  8    XL:     1   Next: 33%
Magic:  0/6        EV: 11    Int: 16    God:
Gold:   0          SH:  0    Dex: 15    Spells: 5/6 levels left

rFire   . . .      SeeInvis .   a - +1 quarterstaff
rCold   . . .      Faith    .   (shield currently unavailable)
rNeg    . . .      Spirit   .   c - +0 robe
rPois   .          Reflect  .   (no helmet)
rElec   .          Harm     .   (no cloak)
rCorr   .          Rampage  .   (no gloves)
Will    .....                   (no boots)
Stlth   +.........              (no amulet)
HPRegen 0.04/turn               (no ring)
MPRegen 0.10/turn               (no ring)

@: no status effects
A: no striking features
a: no special abilities


You were on level 1 of the Dungeon.
You visited 1 branch of the dungeon, and saw 1 of its levels.

Inventory:

Hand Weapons
 a - a +1 quarterstaff (weapon)
Armour
 c - a +0 robe (worn)
Potions
 b - a potion of berserk rage


   Skills:
 - Level 1.0 Fighting
 - Level 2.0 Staves
 - Level 1.0 Throwing
 - Level 1.0 Armour
 + Level 0.2 Dodging
 + Level 0.3 Stealth
 + Level 3.0 Spellcasting
 + Level 0.2 Conjurations
 - Level 2.4 Necromancy
 - Level 1.0 Invocations


You had 5 spell levels left.
You knew the following spells:

 Your Spells              Type           Power      Damage    Failure   Level
a - Necrotise             Necr           40%        1d6       7%          1

Your spell library contained the following spells:

 Spells                   Type           Power      Damage    Failure   Level
 Sublimation of Blood     Necr           10%        N/A       11%         2
 Corpse Rot               Necr/Pois/Air  5%         N/A       80%         4


Dungeon Overview and Level Annotations

Branches:
Dungeon (1/15)

Altars:


Message History

Aiming: Necrotise (safe; 7% risk of failure)
Press: ? - help, Shift-Dir - straight line, f/p - jackal
Aim: a jackal (heavily wounded, ally target, chance to affect: 78%)
The jackal barely resists.
The jackal barely misses you. The jackal bites you.
* * * LOW HITPOINT WARNING * * *
Your jackal skeleton barely misses the jackal.
The jackal barely misses you. The jackal closely misses you.
Casting: Necrotise (safe; 7% risk of failure)
Confirm with . or Enter, or press ? or * to list all spells.
Aiming: Necrotise (safe; 7% risk of failure)
Press: ? - help, Shift-Dir - straight line, f/p - jackal
Aim: a jackal (heavily wounded, ally target, chance to affect: 78%)
The jackal writhes in agony.
You kill the jackal!
The dead are walking!
Your jackal skeleton bites the jackal.
The jackal closely misses you.
Casting: Necrotise (safe; 7% risk of failure)
Confirm with . or Enter, or press ? or * to list all spells.
You don't have enough magic to cast this spell.
Unknown command.
You barely miss the jackal.
The jackal is heavily wounded.
The jackal barely misses you.
Your jackal skeleton bites the jackal.
The jackal completely misses your jackal skeleton.
A jackal comes into view.
Your jackal skeleton bites the jackal.
You catch the helpless jackal completely off-guard!
You hit the jackal but do no damage.
The jackal is almost dead.
The jackal closely misses you.
Your jackal skeleton bites the jackal but does no damage.
Your jackal skeleton barely misses the jackal.
Your jackal skeleton bites the jackal but does no damage.
The jackal bites you but does no damage.
You closely miss the jackal.
The jackal is almost dead.
The jackal bites your jackal skeleton.
Your jackal skeleton bites the jackal but does no damage.
The jackal bites you.
You die...

#...# .. #...#
...
#...#######...
#.............
#...<.........
#........####
#...##...# #
#...##...####...#
#........@.Zh....
#.........hZ.....
#################


You could see 2 jackals and 2 friendly jackal skeletons.

Vanquished Creatures
  2 jackals (D:1)
2 creatures vanquished.

Notes
Turn   | Place    | Note
-------+----------+-------------------------------------------
     0 | D:1      | Descartes the Deep Elf Wanderer began the quest for the
                  | Orb.
     0 | D:1      | Descartes set off with the following items: a +1
                  | quarterstaff, a potion of berserk rage, a +0 robe; and the
                  | following spell memorised: Necrotise; and the following
                  | spells available to memorise: Sublimation of Blood, Corpse
                  | Rot.
     0 | D:1      | Reached XP level 1. HP: 12/12 MP: 6/6
    17 | D:1      | Slain by a jackal

Illustrated notes

Levels and vault maps discovered:
D:1:      dpeg_arrival_boxorama, layout_basic,
          hellmonk_ecumenical_altar_slurped_away, minmay_pentomino_x4

Action                   || total
-------------------------++-------
Melee: Quarterstaff      ||     3
 Cast: Necrotise         ||     6
 Stab: Distracted        ||     1
Armor: Robe              ||     1
Dodge: Dodged            ||     7
